 Dungeon Crawl Stone Soup version 0.20.0-8-g6b59dc7 (webtiles) character file.

79 anfisbena the Skirmisher (level 4, -7/50 HPs)
             Began as an Ogre Hunter on May 30, 2017.
             Mangled by a gnoll
             ... wielding a +0 spear
              (11 damage)
             ... on level 2 of the Dungeon.
             The game lasted 00:01:50 (1745 turns).

anfisbena the Skirmisher (Ogre Hunter)              Turns: 1745, Time: 00:01:50

Health: -7/50      AC:  3    Str: 16    XL:     4   Next: 37%
Magic:  4/4        EV: 10    Int: 12    God:
Gold:   86         SH:  0    Dex: 10    Spells: 3/3 levels left

rFire    . . .     SeeInvis .   k - +0 mace
rCold    + . .     Gourm    +   (no shield)
rNeg     . . .     Faith    .   b - +0 robe
rPois    .         Spirit   .   (helmet restricted)
rElec    .         Reflect  .   (no cloak)
rCorr    .         Harm     .   (gloves unavailable)
MR       .....                  (boots unavailable)
Stlth    +.........             h - amulet of the gourmand
Regen    0.2/turn               (no ring)
MPRegen  0.1/turn               (no ring)

@: no status effects
A: unfitting armour, blurry vision 1, cold resistance 1, tough skin 1
a: no special abilities


You were on level 2 of the Dungeon.
You were completely stuffed.

You visited 1 branch of the dungeon, and saw 2 of its levels.

You collected 86 gold pieces.

Inventory:

Hand Weapons
 k - a +0 mace (weapon)
Missiles
 c - 5 large rocks (quivered)
 d - 2 throwing nets
Armour
 b - a +0 robe (worn)
Jewellery
 h - an amulet of the gourmand (around neck)
Scrolls
 e - 3 scrolls of remove curse
 l - a scroll of immolation
Potions
 m - a potion of flight {unknown}
Comestibles
 f - 2 bread rations
 j - 2 royal jellies


   Skills:
 + Level 5.5 Fighting
 * Level 1.1 Maces & Flails
 - Level 4.0 Throwing
 - Level 1.7 Dodging
 - Level 0.6 Stealth


You had 3 spell levels left.
You didn't know any spells.

Dungeon Overview and Level Annotations

Branches:
Dungeon (2/15)

Altars:


Innate Abilities, Weirdness & Mutations

You are too large for most types of armour.
You have tough skin. (AC +1)
Scrolls take you a little longer to read.
Your flesh is cold resistant. (rC+)


Message History

You sock the gnoll!
You kill the gnoll!
Your Maces & Flails skill increases to level 1!
The gnoll hits you from afar with a spear.
* * * LOW HITPOINT WARNING * * *
The hobgoblin closely misses you.
You barely miss the hobgoblin. The hobgoblin closely misses you.
The gnoll barely misses you.
You hit the hobgoblin.
You kill the hobgoblin!
The gnoll hits you from afar with a spear.
* * * LOW HITPOINT WARNING * * *
The gnoll hits you with a spear.
* * * LOW HITPOINT WARNING * * *
You see here a club.
You closely miss the gnoll. The gnoll closely misses you.
You hit the gnoll.
The gnoll is heavily wounded.
The gnoll hits you with a spear!
You die...

#.#.##.##..###...........##...
#............#..#..#..#..###.##
#..#.##.##..#.#.#........# #.##
.[# ...........>........###.##
. .##.#########.###)..###....
... ........>............ ....#
######...###..###....
......########...###...##....
......))...g@................
##############...###....#...<
###...###..#......
#............##...
#............#..#.
#..............###
#.......##.#..## #
#.#...#.##...##
#.#...#.###...## #


You could see a gnoll.

Vanquished Creatures
  2 gnolls (D:2)
  A dart slug (D:1)
  2 leopard geckos (D:1)
  2 ball pythons
  2 giant cockroaches
  7 goblins
  10 hobgoblins
  5 jackals
  6 kobolds
  3 bats (D:1)
  4 frilled lizards
  3 rats
47 creatures vanquished.

Notes
Turn   | Place    | Note
-------+----------+-------------------------------------------
     0 | D:1      | anfisbena the Ogre Hunter began the quest for the Orb.
     0 | D:1      | Reached XP level 1. HP: 22/22 MP: 1/1
    13 | D:1      | Reached skill level 3 in Fighting
    85 | D:1      | Reached XP level 2. HP: 27/31 MP: 2/2
   186 | D:1      | Reached skill level 4 in Fighting
   404 | D:1      | Reached XP level 3. HP: 20/40 MP: 3/3
   904 | D:1      | Reached skill level 5 in Fighting
  1660 | D:2      | Reached XP level 4. HP: 44/50 MP: 4/4
  1663 | D:2      | Gained mutation: Scrolls take you a little longer to read. [potion of mutation]
  1663 | D:2      | Gained mutation: Your flesh is cold resistant. (rC+) [potion of mutation]
  1734 | D:2      | Reached skill level 1 in Maces & Flails
  1745 | D:2      | Mangled by a gnoll

Skill      XL: |  1  2  3  4 |
---------------+-------------+-----
Fighting       | 3 4 5 |  5.5
Maces & Flails | 1 |  1.1
Throwing       | |  4.0
Dodging        | |  1.7
Stealth        | |  0.6

Action                   |  1- 3 |  4- 6 || total
-------------------------+-------+-------++-------
Melee: Short sword       |   136 |       ||   136
       Mace              |    28 |    12 ||    40
  Use: Scroll            |     1 |     2 ||     3
       Potion            |       |     1 ||     1
  Eat: Chunk             |    13 |       ||    13
Armor: Robe              |    44 |     2 ||    46
Dodge: Dodged            |   112 |    11 ||   123
